Map: Invader LE

Players

llllllllllll - Winner!

  • Race: Terran Terran

BuildsRoachs

  • Race: Zerg Zerg
  • League: Platinum

VOD

Have the link to the VOD?

Description

Time

  • Played on: April 24, 2016, 4:01 p.m.
  • Length: 10:16
Show
View Real Time Build Order
Export as new Build Order

llllllllllll Terran - Winner!

Build Orders: Reaper Expand, MMM Bio 

Get SALT Encoding   

  12  0:01  SCV  
  13  0:13  SCV  
  14  0:18  Supply Depot  
  14  0:25  SCV  
  15  0:39  SCV  
  15  0:40  Barracks  
  16  0:44  Refinery  
  16  0:51  SCV  
  17  1:03  SCV  
  18  1:15  SCV  
  19  1:28  Orbital Command  
  19  1:29  Reaper  
  20  1:41  Command Center  
  20  1:51  Supply Depot  
  20  1:54  SCV  
  21  2:02  Marine  
  21  2:05  Factory  
  22  2:08  SCV  
  23  2:20  SCV  
  24  2:28  Barracks Reactor  
  24  2:33  SCV  
  25  2:47  SCV, Command Center  
  26  2:57  Orbital Command  
  26  3:01  SCV  
  27  3:13  SCV  
  27  3:17  Barracks Tech Lab  
  28  3:25  SCV, Hellion x2  
  28  3:26  SCV  
  33  3:36  Stimpack, Marine  
  33  3:37  SCV  
  33  3:38  SCV  
  36  3:49  SCV  
  36  3:54  Marine, Barracks x2  
  36  3:55  SCV  
  39  4:00  Factory Reactor, Refinery  
  39  4:01  SCV, Orbital Command  
  40  4:06  Engineering Bay x2  
  40  4:07  SCV  
  41  4:13  SCV  
  42  4:17  Supply Depot  
  42  4:18  Supply Depot  
  42  4:20  SCV  
  42  4:21  Bunker  
  43  4:25  SCV  
  43  4:29  SCV  
  45  4:32  SCV, Marine  
  47  4:42  Supply Depot  
  47  4:43  Marine x2  
  49  4:51  Starport  
  49  4:52  SCV x2  
  51  4:53  Factory Reactor, Terran Infantry Weapons Level 1  
  51  4:56  Marine x3  
  54  5:04  Refinery x2  
  54  5:05  Marine x2  
  56  5:08  SCV x3  
  56  5:11  Terran Infantry Armor Level 1  
  59  5:14  Marine  
  59  5:15  Supply Depot, Marine x2  
  59  5:20  SCV  
  59  5:21  SCV  
  64  5:23  Marine  
  64  5:26  Marine  
  66  5:32  SCV, Barracks  
  66  5:33  Barracks  
  66  5:35  Barracks  
  68  5:41  Marine x2  
  68  5:42  Marine  
  70  5:44  Medivac  
  70  5:45  Combat Shields, Medivac  
  70  5:46  Orbital Command  
  70  5:47  Barracks  
  70  5:48  SCV x2  
  76  6:00  Factory Reactor, Supply Depot  
  76  6:01  SCV  
  76  6:03  SCV  
  78  6:04  Armory  
  78  6:12  SCV  
  78  6:13  SCV  
  78  6:15  Marine x4  
  84  6:26  Bunker  
  84  6:27  Barracks Reactor, Barracks Tech Lab  
  84  6:29  Barracks Reactor, Supply Depot  
  84  6:32  Marine  
  85  6:33  Marine  
  85  6:34  Marine, Medivac x2  
  85  6:35  Barracks Tech Lab, Marine  
  85  6:37  Widow Mine x2, Supply Depot  
  96  6:40  SCV x3  
  96  6:43  Marine  
  100  6:50  Marine  
  101  6:55  Marine  
  101  6:56  Marine x3  
  101  6:57  Marauder  
  101  6:58  Terran Infantry Weapons Level 2  
  107  7:06  Marine x2  
  107  7:07  Marine x2  
  107  7:08  Marauder  
  111  7:14  Marauder  
  105  7:17  Marine x5  
  100  7:23  Terran Infantry Armor Level 2  
  100  7:24  Marine x3  
  100  7:29  Marauder  
  105  7:30  Missile Turret  
  105  7:31  Marine, Concussive Shells, Missile Turret  
  105  7:32  Missile Turret  
  105  7:34  Marine  
  105  7:35  Marine  
  105  7:36  Marauder  
  110  7:41  Marine x3  
  113  7:48  Marine x2  
  113  7:49  Marine x2  
  113  7:50  Marine  
  117  7:57  Missile Turret x2  
  116  8:02  Marauder  
  116  8:08  Marine x3  
  116  8:09  Missile Turret, Marine  
  116  8:10  Marine, Missile Turret  
  116  8:11  Marine  
  116  8:14  Marine  
  116  8:16  Marine  
  116  8:19  Marauder  
  113  8:30  Marine x4  
  113  8:31  Marine  
  114  8:48  Marine x4  
  116  8:49  Marauder x3  
  116  8:50  Command Center  
  123  9:12  Marine x7  
  123  9:13  Marine, Marauder  
  133  9:18  Supply Depot  
  133  9:19  Supply Depot  
  133  9:25  Widow Mine x2  
  137  9:48  Marine x4, Marauder  
  137  9:49  Marine  
  143  9:58  Marine x3  
Show
View Real Time Build Order
Export as new Build Order

BuildsRoachs Zerg 

Build Orders: Hatch First 

Get SALT Encoding   

  12  0:01  Drone  
  13  0:12  Overlord  
  13  0:17  Drone  
  14  0:24  Drone, Extractor  
  15  0:31  Drone  
  15  0:34  Drone  
  17  0:56  Hatchery  
  17  0:57  Drone  
  17  1:01  Extractor  
  17  1:02  Drone  
  17  1:10  Drone  
  18  1:24  Spawning Pool  
  17  1:26  Drone  
  17  1:29  Drone  
  19  2:03  Drone x2  
  19  2:08  Hatchery  
  20  2:10  Metabolic Boost  
  20  2:17  Queen  
  22  2:24  Queen  
  24  2:30  Zergling x2  
  24  2:34  Extractor  
  24  2:35  Zergling x2  
  25  2:38  Zergling x2  
  25  2:49  Zergling x2  
  25  2:50  Zergling x4  
  28  3:02  Overlord  
  28  3:14  Overlord x2  
  28  3:22  Drone x3  
  31  3:27  Drone x2  
  33  3:35  Drone x2  
  33  3:38  Drone  
  36  3:44  Drone x2  
  38  3:52  Queen  
  40  4:00  Drone x2  
  42  4:06  Drone x3  
  42  4:07  Drone  
  46  4:14  Queen  
  48  4:21  Lair  
  48  4:22  Drone  
  49  4:27  Extractor  
  48  4:31  Drone x3, Extractor  
  50  4:41  Queen  
  52  4:50  Drone x5  
  52  4:51  Drone  
  58  5:03  Overlord x3  
  58  5:11  Evolution Chamber  
  58  5:12  Evolution Chamber  
  56  5:20  Overlord  
  56  5:22  Spire  
  55  5:36  Drone x8  
  55  5:40  Overlord  
  64  5:42  Drone  
  64  5:43  Drone  
  64  5:48  Drone x3  
  68  5:52  Overlord  
  68  5:56  Overlord  
  68  6:26  Overlord  
  68  6:40  Mutalisk  
  68  6:42  Mutalisk x4  
  68  6:43  Mutalisk x8  
  85  7:34  Hatchery  
  85  7:36  Mutalisk x6  
  93  7:55  Hatchery  
  88  8:17  Zergling x2  
  88  8:18  Zergling x16  
  77  8:48  Roach Warren  
  76  8:49  Evolution Chamber  
  76  8:50  Evolution Chamber  
  76  8:52  Hydralisk Den  
  76  8:53  Zergling x2  
  76  8:54  Zergling x10  
  71  9:22  Hydralisk  
  71  9:23  Hydralisk x8  
  89  9:28  Roach x4  
  97  9:32  Roach  
  99  9:44  Roach x3  
  103  9:53  Roach  
  103  9:54  Roach x4  
Tags
 
Add a new tag
Caveats
  • Supply blocks, unpowered buildings, or Contaminate may cause inaccurate times.
  • Supply counts are checked every 10 seconds.